 Dungeon Crawl Stone Soup version 0.27.0-1-g7a089689b8 (webtiles) character file.

Game seed: 11089047219694313197

67 hawla the Grave Robber (level 4, -1/25 HPs)
             Began as a Deep Elf Necromancer on Aug 1, 2021.
             Killed from afar by Terence (10 damage)
             ... with a puff of flame
             ... on level 2 of the Dungeon.
             The game lasted 00:04:28 (2196 turns).

hawla the Grave Robber (Deep Elf Necromancer)       Turns: 2196, Time: 00:04:28

Health: -1/25      AC:  2    Str:  5    XL:     4   Next: 0%
Magic:  12/12      EV: 12    Int: 21    God:
Gold:   66         SH:  0    Dex: 15    Spells: 5/11 levels left

rFire    . . .     SeeInvis .   e - +1 short sword
rCold    . . .     Faith    .   (no shield)
rNeg     . . .     Spirit   .   a - +0 robe
rPois    .         Reflect  .   c - +0 hat
rElec    .         Harm     .   (no cloak)
rCorr    .         Rampage  .   (no gloves)
Will     .....                  (no boots)
Stlth    ++........             (no amulet)
HPRegen  0.08/turn              (no ring)
MPRegen  0.13/turn              (no ring)

@: no status effects
A: no striking features
a: no special abilities


You were on level 2 of the Dungeon.
You visited 1 branch of the dungeon, and saw 2 of its levels.

You collected 66 gold pieces.

Inventory:

Hand Weapons
 e - a +1 short sword (weapon)
Missiles
 b - 14 poisoned darts (quivered)
Armour
 a - a +0 robe (worn)
 c - a +0 hat (worn)
Potions
 f - a potion of invisibility {unknown}


   Skills:
 - Level 1.0 Fighting
 - Level 2.4 Dodging
 - Level 2.4 Stealth
 - Level 4.0 Spellcasting
 + Level 6.0 Necromancy


You had 5 spell levels left.
You knew the following spells:

 Your Spells              Type           Power      Damage    Failure   Level
a - Pain                  Necr           100%       1d9       1%          1
b - Animate Skeleton      Necr           58%        N/A       1%          1
c - Animate Dead          Necr           14%        N/A       10%         4

Your spell library contained the following spells:

 Spells                   Type           Power      Damage    Failure   Level
 Vampiric Draining        Necr           14%        2d8       3%          3
 Agony                    Necr           29%        N/A       28%         5


Dungeon Overview and Level Annotations

Branches:
Dungeon (2/15)

Altars:

Shops:
D:2 ?

Annotations:
D:2 Terence


Message History

Aiming: Pain (safe; 1% risk of failure)
Press: ? - help, Shift-Dir - straight line, f - worm
Aim: a worm (ally target, chance to affect: 89%)
The worm writhes in agony!
The worm misses you.
Your goblin skeleton hits the worm with a +0 dagger.
Casting: Pain (safe; 1% risk of failure)
Confirm with . or Enter, or press ? or * to list all spells.
Aiming: Pain (safe; 1% risk of failure)
Press: ? - help, Shift-Dir - straight line, f/p - worm
Aim: a worm (heavily wounded, ally target, chance to affect: 89%)
The worm writhes in agony!
You kill the worm!
Your Necromancy skill increases to level 6!
You have reached level 4!
You feel clever.
This spell is extremely dangerous to cast!
Memorise Animate Dead, consuming 4 spell levels and leaving 5?
You start memorising the spell.
You continue memorising. x4
You finish memorising.
Spell assigned to 'c'.
Your goblin skeleton crumbles into dust!
Terence the Incautious comes into view.
He is wielding a +0 flail of protection and carrying a wand of flame (15).
Terence shouts!
Terence is nearby!
Terence is nearby!
Terence is nearby!
Terence is nearby!
A jackal comes into view. x2
Terence zaps a wand.
The puff of flame hits you!
A jackal comes into view.
Terence zaps a wand.
The puff of flame hits you!
Found a helmet.
Found a stone staircase leading down.
As you read the scroll labelled WORIWN BORGHUS, it crumbles to dust.
You hear a loud clanging noise!
It was a scroll of noise.
You hear a bark! x2; You hear a shout!
You hear a bark! x2; You hear a shout! x2
The jackal barks!
You hear a bark!
A kobold comes into view. It is wielding a +0 club.
The kobold shouts!
Terence zaps a wand.
The puff of flame hits you!
You die...

....hh. ...K
#......... ....
#...h..@.. ... .....
#... ..... #..
.....####.. ...## #..
........#h# #..# #..
....[...#.# #.###..
#......########..##..
#>..@.....@....#.##..
#....#########.......
#....# #####.##
#....# #.## ######
#... ###. #. ##


You could see Terence, 2 jackals and a kobold.

Vanquished Creatures
  2 adders (D:2)
  A gnoll (D:1)
  A worm (D:2)
  A dart slug (D:2)
  2 ball pythons (D:1)
  4 endoplasms
  2 giant cockroaches (D:1)
  2 goblins (D:2)
  2 hobgoblins (D:1)
  3 jackals (D:1)
  A quokka (D:1)
  2 bats (D:1)
  2 frilled lizards (D:1)
  3 kobolds
  6 rats
34 creatures vanquished.

Vanquished Creatures (collateral kills)
  A jackal (D:1)
1 creature vanquished.

Grand Total: 35 creatures vanquished

Notes
Turn   | Place    | Note
-------+----------+-------------------------------------------
     0 | D:1      | hawla the Deep Elf Necromancer began the quest for the Orb.
     0 | D:1      | Reached XP level 1. HP: 10/10 MP: 6/6
    16 | D:1      | Reached skill level 5 in Necromancy
    16 | D:1      | Reached XP level 2. HP: 7/16 MP: 2/8
    18 | D:1      | Learned a level 1 spell: Animate Skeleton
   705 | D:1      | Found a faded altar of an unknown god.
   716 | D:1      | Reached skill level 1 in Fighting
  1091 | D:1      | Reached XP level 3. HP: 18/20 MP: 7/10
  1928 | D:2      | Found Apna Oxi's Magic Scroll Shoppe.
  2129 | D:2      | Reached skill level 6 in Necromancy
  2129 | D:2      | Reached XP level 4. HP: 22/25 MP: 8/12
  2134 | D:2      | Learned a level 4 spell: Animate Dead
  2182 | D:2      | Noticed Terence
  2196 | D:2      | Killed from afar by Terence

Illustrated notes

Levels and vault maps discovered:
D:1:      tarquinn_simple_flora_water_d, layout_loops_corners,
          hellmonk_ecumenical_altar_run_dry, minmay_misc_feat_columns,
          minmay_misc_feat_pillars
D:2:      layout_rooms, serial_shops, nicolae_diamond_shop, minmay_tromino_v4_b,
          uniq_terence

Skill      XL: |  1  2  3 |
---------------+----------+-----
Necromancy     | 5 6 |  6.0
Fighting       | 1 |  1.0
Spellcasting   | 4 |  4.0
Dodging        | |  2.4
Stealth        | |  2.4

Action                   |  1- 3 |  4- 6 || total
-------------------------+-------+-------++-------
Melee: Unarmed           |     7 |       ||     7
       Short sword       |     4 |       ||     4
 Cast: Pain              |    55 |       ||    55
       Animate Skeleton  |     7 |       ||     7
  Use: Scroll            |     3 |     1 ||     4
 Stab: Sleeping          |     1 |       ||     1
       Distracted        |     1 |       ||     1
Armor: Robe              |     4 |       ||     4
Dodge: Dodged            |    16 |       ||    16
